BR
OCEANSIDE SWAMP FOXES @ SANTA CLARITA MUSIC
09/12/2027
 
TOP OF THE 1ST
Oceanside Swamp Foxes batting - Pitching for Santa Clarita Music : LHP John Jorgensen
Pitching: LHP John Jorgensen
Batting: LHB Chris White 0-0: Ground out 4-3 (Groundball, 4M)
Batting: LHB Rodrigo Pérez 0-0: Swinging Strike
0-1: Swinging Strike
0-2: Ball
1-2: Strikes out swinging
Batting: RHB Nathan Smith 0-0: Ball
1-0: Fly out, F8 (Flyball, 8LXD)
Top of the 1st over - 0 run(s), 0 hit(s), 0 error(s), 0 left on base; Oceanside 0 - Santa Clarita 0
BOTTOM OF THE 1ST
Santa Clarita Music batting - Pitching for Oceanside Swamp Foxes : RHP Jesús Gonzáles
Pitching: RHP Jesús Gonzáles
Batting: RHB Rickey Núñez 0-0: Ball
1-0: Ball
2-0: Called Strike
2-1: Swinging Strike
2-2: Fly out, F9 (Flyball, 9)
Batting: RHB Juan Morales 0-0: Ball
1-0: Called Strike
1-1: Called Strike
1-2: Strikes out swinging
Batting: RHB Justin Geoghegan 0-0: Fly out, F9 (Flyball, 9LS)
Bottom of the 1st over - 0 run(s), 0 hit(s), 0 error(s), 0 left on base; Oceanside 0 - Santa Clarita 0
TOP OF THE 2ND
Oceanside Swamp Foxes batting - Pitching for Santa Clarita Music : LHP John Jorgensen
Batting: RHB José López 0-0: Ball
1-0: Swinging Strike
1-1: Ball
2-1: Foul Ball, location: 2F
2-2: Strikes out swinging
Batting: LHB Gabriel Aguilera 0-0: Ball
1-0: Fly out, F7 (Flyball, 7LSF)
Batting: RHB Ed Nygaard 0-0: Fly out, F6 (Popup, 6D)
Top of the 2nd over - 0 run(s), 0 hit(s), 0 error(s), 0 left on base; Oceanside 0 - Santa Clarita 0
BOTTOM OF THE 2ND
Santa Clarita Music batting - Pitching for Oceanside Swamp Foxes : RHP Jesús Gonzáles
Batting: LHB José Domínguez 0-0: Called Strike
0-1: Ball
1-1: Ball
2-1: Ball
3-1: Foul Ball, location: 2F
3-2: Foul Ball, location: 2F
3-2: Foul Ball, location: 2F
3-2: Base on Balls
Batting: SHB Mathew Olson 0-0: Called Strike
0-1: Ball
1-1: Swinging Strike
1-2: Ball
2-2: Foul Ball, location: 2F
2-2: Ball
3-2: SINGLE (Groundball, 6MD)
José Domínguez to second
Batting: RHB Robbie Jenkins 0-0: Ball
1-0: Fly out, F6 (Line Drive, 6M)
Batting: RHB Greg Grant 0-0: Ball
1-0: Ball
2-0: Ball
3-0: Called Strike
3-1: Called Strike
3-2: Base on Balls
José Domínguez to third
Mathew Olson to second
Batting: LHB Francisco Blanco 0-0: Ball
1-0: Fly out, F4 (Line Drive, 4)
Batting: RHB Tony Collier 0-0: Ball
1-0: Fielders Choice at 2nd, 5-4 (Groundball, 56)
Bottom of the 2nd over - 0 run(s), 1 hit(s), 0 error(s), 2 left on base; Oceanside 0 - Santa Clarita 0
TOP OF THE 3RD
Oceanside Swamp Foxes batting - Pitching for Santa Clarita Music : LHP John Jorgensen
Batting: LHB Clinton O'Brien 0-0: Foul Ball, location: 2F
0-1: DOUBLE (Groundball, 3L)
Batting: RHB Carlos Sánchez 0-0: Fly out, F9 (Flyball, 89S)
Batting: LHB Arlen Powers 0-0: Ball
1-0: Foul Ball, location: 2F
1-1: Ball
2-1: Ball
3-1: Foul Ball, location: 2F
3-2: Strikes out swinging
Batting: LHB Chris White 0-0: Called Strike
0-1: Ball
1-1: Foul Ball, location: 2F
1-2: Strikes out looking
Top of the 3rd over - 0 run(s), 1 hit(s), 0 error(s), 1 left on base; Oceanside 0 - Santa Clarita 0
BOTTOM OF THE 3RD
Santa Clarita Music batting - Pitching for Oceanside Swamp Foxes : RHP Jesús Gonzáles
Batting: RHB Rickey Núñez 0-0: Ground out 4-3 (Groundball, 4M)
Batting: RHB Juan Morales 0-0: Ball
1-0: Called Strike
1-1: Called Strike
1-2: Ball
2-2: Foul Ball, location: 2F
2-2: Foul Ball, location: 2F
2-2: Strikes out swinging
Batting: RHB Justin Geoghegan 0-0: Ball
1-0: Ball
2-0: Ground out 6-3 (Groundball, 6)
Bottom of the 3rd over - 0 run(s), 0 hit(s), 0 error(s), 0 left on base; Oceanside 0 - Santa Clarita 0
TOP OF THE 4TH
Oceanside Swamp Foxes batting - Pitching for Santa Clarita Music : LHP John Jorgensen
Batting: LHB Rodrigo Pérez 0-0: Called Strike
0-1: DOUBLE (Line Drive, 9LM)
Batting: RHB Nathan Smith 0-0: Called Strike
0-1: Ball
1-1: Ball
2-1: Foul Ball, location: 2F
2-2: Strikes out swinging
Batting: RHB José López 0-0: SINGLE (Groundball, 56D)
Rodrigo Pérez to third
Runner from 3rd tries for Home, SAFE, no throw
Batting: LHB Gabriel Aguilera 0-0: Ball
1-0: Called Strike
1-1: Foul Ball, location: 2F
1-2: Fielders Choice at 2nd, 4-6 (Groundball, 4)
Batting: RHB Ed Nygaard 0-0: Called Strike
0-1: Swinging Strike
0-2: Strikes out swinging
Top of the 4th over - 1 run(s), 2 hit(s), 0 error(s), 1 left on base; Oceanside 1 - Santa Clarita 0
BOTTOM OF THE 4TH
Santa Clarita Music batting - Pitching for Oceanside Swamp Foxes : RHP Jesús Gonzáles
Batting: LHB José Domínguez 0-0: Ball
1-0: Called Strike
1-1: Called Strike
1-2: Ball
2-2: Ball
3-2: Foul Ball, location: 2F
3-2: Strikes out looking
Batting: SHB Mathew Olson 0-0: Ball
1-0: Called Strike
1-1: Foul Ball, location: 2F
1-2: Fly out, F3 (Popup, 34D)
Batting: RHB Robbie Jenkins 0-0: Ball
1-0: Ground out 5-3 (Groundball, 5L)
Bottom of the 4th over - 0 run(s), 0 hit(s), 0 error(s), 0 left on base; Oceanside 1 - Santa Clarita 0
TOP OF THE 5TH
Oceanside Swamp Foxes batting - Pitching for Santa Clarita Music : LHP John Jorgensen
Batting: LHB Clinton O'Brien 0-0: Ball
1-0: Swinging Strike
1-1: Called Strike
1-2: Ground out U3 (Groundball, 34S)
Batting: RHB Carlos Sánchez 0-0: Foul Ball, location: 2F
0-1: Ball
1-1: Reached on error, E3 (Popup, 34S)
Batting: LHB Arlen Powers 0-0: Fly out, F8 (Flyball, 78M)
Batting: LHB Chris White 0-0: Called Strike
0-1: Ball
1-1: Swinging Strike
1-2: Foul Ball, location: 2F
1-2: Ball
Carlos Sánchez is caught stealing 2nd base
Top of the 5th over - 0 run(s), 0 hit(s), 1 error(s), 0 left on base; Oceanside 1 - Santa Clarita 0
BOTTOM OF THE 5TH
Santa Clarita Music batting - Pitching for Oceanside Swamp Foxes : RHP Jesús Gonzáles
Batting: RHB Greg Grant 0-0: Called Strike
0-1: Foul Ball, location: 2F
0-2: Foul Ball, location: 2F
0-2: Fly out, F9 (Flyball, 9)
Batting: LHB Francisco Blanco 0-0: Swinging Strike
0-1: Ball
1-1: Reached on error, E4 (Groundball, 4)
Batting: RHB Tony Collier 0-0: Ground out 1-3 (Groundball, 13)
Francisco Blanco to third
Batting: RHB Rickey Núñez 0-0: Fly out, F9 (Flyball, 9LM)
Bottom of the 5th over - 0 run(s), 0 hit(s), 1 error(s), 1 left on base; Oceanside 1 - Santa Clarita 0
TOP OF THE 6TH
Oceanside Swamp Foxes batting - Pitching for Santa Clarita Music : LHP John Jorgensen
Batting: LHB Chris White 0-0: Ball
1-0: Called Strike
1-1: Swinging Strike
1-2: Foul Ball, location: 2F
1-2: Ground out 6-3 (Groundball, 6)
Batting: LHB Rodrigo Pérez 0-0: Swinging Strike
0-1: Ball
1-1: Ground out 4-3 (Groundball, 4)
Batting: RHB Nathan Smith 0-0: Ball
1-0: Called Strike
1-1: Ball
2-1: Ball
3-1: Foul Ball, location: 2F
3-2: Foul Ball, location: 2F
3-2: Fly out, F8 (Flyball, 78M)
Top of the 6th over - 0 run(s), 0 hit(s), 0 error(s), 0 left on base; Oceanside 1 - Santa Clarita 0
BOTTOM OF THE 6TH
Santa Clarita Music batting - Pitching for Oceanside Swamp Foxes : RHP Jesús Gonzáles
Batting: RHB Juan Morales 0-0: Ground out 5-3 (Groundball, 5)
Batting: RHB Justin Geoghegan 0-0: Foul Ball, location: 2F
0-1: Foul Ball, location: 2F
0-2: Foul Ball, location: 2F
0-2: Ball
1-2: DOUBLE (Flyball, 9LD)
Batting: LHB José Domínguez 0-0: Ball
1-0: Foul Ball, location: 2F
1-1: Fly out, F7 (Flyball, 78D)
Batting: SHB Mathew Olson 0-0: Ball
1-0: Called Strike
1-1: Fly out, F2 (Popup, 23)
Bottom of the 6th over - 0 run(s), 1 hit(s), 0 error(s), 1 left on base; Oceanside 1 - Santa Clarita 0
TOP OF THE 7TH
Oceanside Swamp Foxes batting - Pitching for Santa Clarita Music : LHP John Jorgensen
Batting: RHB José López 0-0: Ball
1-0: Swinging Strike
1-1: Ball
2-1: Fly out, F2 (Popup, 2L)
Batting: LHB Gabriel Aguilera 0-0: Fly out, F8 (Flyball, 8LM)
Batting: RHB Ed Nygaard 0-0: Ball
1-0: Ball
2-0: Called Strike
2-1: Ball
3-1: SINGLE (Groundball, 34D)
Pitching: RHP John Gill
Pinch Hitting: RHB Cameron Irwin 0-0: Ball
1-0: Fly out, F8 (Flyball, 8LS)
Top of the 7th over - 0 run(s), 1 hit(s), 0 error(s), 1 left on base; Oceanside 1 - Santa Clarita 0
BOTTOM OF THE 7TH
Santa Clarita Music batting - Pitching for Oceanside Swamp Foxes : RHP Jesús Gonzáles
Pitching: RHP Rafael Rivera
Now in RF: Cameron Irwin
Batting: RHB Robbie Jenkins 0-0: Fly out, F7 (Flyball, 7)
Batting: RHB Greg Grant 0-0: Ball
1-0: Foul Ball, location: 2F
1-1: Foul Ball, location: 2F
1-2: Ball
2-2: SINGLE (Groundball, 56) (infield hit)
Pinch Runner at 1st Robbie Rhodes:
Pinch Hitting: RHB António Martínez 0-0: Fly out, F8 (Flyball, 8RS)
Batting: RHB Tony Collier 0-0: Fly out, F7 (Flyball, 7)
Bottom of the 7th over - 0 run(s), 1 hit(s), 0 error(s), 1 left on base; Oceanside 1 - Santa Clarita 0
TOP OF THE 8TH
Oceanside Swamp Foxes batting - Pitching for Santa Clarita Music : RHP John Gill
Now in LF: Robbie Rhodes
Now in CF: António Martínez
Batting: RHB Carlos Sánchez 0-0: Foul Ball, location: 2F
0-1: SOLO HOME RUN (Flyball, 7D), Distance : 405 ft
Batting: LHB Arlen Powers 0-0: Called Strike
0-1: SINGLE (Groundball, 56D)
Batting: LHB Chris White 0-0: Sac Bunt - play at first, batter OUT! 1-3
Arlen Powers to second
Batting: LHB Rodrigo Pérez 0-0: Foul Ball, location: 2F
0-1: Foul Ball, location: 2F
0-2: Ball
Wild Pitch!
Arlen Powers to third
1-2: Foul Ball, location: 2F
1-2: Ball
2-2: Strikes out swinging
Batting: RHB Nathan Smith 0-0: Intentional Walk
Batting: RHB José López 0-0: Ball
1-0: Foul Ball, location: 2F
1-1: Foul Ball, location: 2F
1-2: Ball
2-2: Ball
3-2: 3-RUN HOME RUN (Line Drive, 7LD), Distance : 365 ft
Batting: LHB Gabriel Aguilera 0-0: SINGLE (Groundball, 15) (infield hit)
Pitching: RHP César Amaya
Batting: RHB Ed Nygaard 0-0: Called Strike
0-1: Ball
Wild Pitch!
Gabriel Aguilera to second
1-1: Ball
2-1: Fly out, F8 (Line Drive, 8LM)
Top of the 8th over - 4 run(s), 4 hit(s), 0 error(s), 1 left on base; Oceanside 5 - Santa Clarita 0
BOTTOM OF THE 8TH
Santa Clarita Music batting - Pitching for Oceanside Swamp Foxes : RHP Rafael Rivera
Now in CF: Dale Winters
Batting: RHB Rickey Núñez 0-0: Ball
1-0: Called Strike
1-1: Foul Ball, location: 2F
1-2: Fly out, F9 (Flyball, 9LM)
Batting: RHB Juan Morales 0-0: Called Strike
0-1: Called Strike
0-2: SINGLE (Flyball, 8LS)
Batting: RHB Justin Geoghegan 0-0: Called Strike
0-1: Ball
1-1: Ground out U3 (Groundball, 3S)
Juan Morales to second
Batting: LHB José Domínguez 0-0: Swinging Strike
0-1: Foul Ball, location: 2F
0-2: Ball
1-2: Strikes out swinging
Bottom of the 8th over - 0 run(s), 1 hit(s), 0 error(s), 1 left on base; Oceanside 5 - Santa Clarita 0
TOP OF THE 9TH
Oceanside Swamp Foxes batting - Pitching for Santa Clarita Music : RHP César Amaya
Batting: RHB Cameron Irwin 0-0: Called Strike
0-1: Ball
1-1: Swinging Strike
1-2: Foul Ball, location: 2F
1-2: SINGLE (Line Drive, 6D)
Batting: RHB Carlos Sánchez 0-0: Fielders Choice at 2nd, 1-4 (Groundball, 15)
Batting: LHB Arlen Powers 0-0: Ball
1-0: Ball
2-0: Ball
3-0: Called Strike
3-1: Swinging Strike
3-2: Strikes out swinging
Batting: LHB Chris White 0-0: Called Strike
0-1: Ball
1-1: Reached on error, E4 (Groundball, 4)
Carlos Sánchez to second
Batting: LHB Rodrigo Pérez 0-0: SINGLE (Flyball, 5D)
Carlos Sánchez to third
Chris White to second
Runner from 3rd tries for Home, SAFE, no throw
Batting: SHB Dale Winters 0-0: Ball
1-0: Ball
2-0: Foul Ball, location: 2F
2-1: Ground out 1-3 (Groundball, 13)
Top of the 9th over - 1 run(s), 2 hit(s), 1 error(s), 2 left on base; Oceanside 6 - Santa Clarita 0
BOTTOM OF THE 9TH
Santa Clarita Music batting - Pitching for Oceanside Swamp Foxes : RHP Rafael Rivera
Batting: SHB Mathew Olson 0-0: Ball
1-0: Called Strike
1-1: Foul Ball, location: 2F
1-2: Ground out 6-3 (Groundball, 6)
Batting: RHB Robbie Jenkins 0-0: Called Strike
0-1: Fly out, F8 (Flyball, 8RM)
Batting: SHB Robbie Rhodes 0-0: Called Strike
0-1: Fly out, F7 (Flyball, 78M)
Bottom of the 9th over - 0 run(s), 0 hit(s), 0 error(s), 0 left on base; Oceanside 6 - Santa Clarita 0
Thursday, March 30th, 2017 - OOTP Baseball 17.12 Build 75